 Dungeon Crawl Stone Soup version 0.26-a0-846-gcc8f1ee719 (webtiles) character file.

Game seed: 7880629646773693285

1127391 strifetoe the Slayer (level 27, -24/196 HPs)
             Began as a Gargoyle Fighter on Nov 19, 2020.
             Was the Champion of the Shining One.
             Killed by the air
             ... invoked by a titan
              (47 damage)
             ... in Pandemonium on Nov 20, 2020.
             The game lasted 03:20:08 (88257 turns).

strifetoe the Slayer (Gargoyle Fighter)            Turns: 88257, Time: 03:20:09

Health: -24/196    AC: 65    Str: 41    XL:     27
Magic:  35/61      EV: 18    Int: 27    God:    the Shining One [******]
Gold:   9492       SH: 21    Dex:  8    Spells: 32/59 levels left

rFire    + + +     SeeInvis +   a - +12 broad axe of Bright Watchfulness {flame, Str+6}
rCold    + + .     Faith    .   U - +5 kite shield {AC+3}
rNeg     + + +     Spirit   .   F - +10 pearl dragon scales of the Fifty Violins {rN+ Str+4}
rPois    ∞         Reflect  .   n - +0 helmet of Ennui {rPois Int+6 Dex-5}
rElec    +         Harm     .   c - scarf {rC+ rF+}
rCorr    .         Rampage  .   y - +2 pair of gloves {Str+3}
MR       +++++                  I - +2 pair of boots {run}
Stlth    ..........             q - amulet of Jykhon {rF++ Regen+ Dex+4}
HPRegen  0.82/turn              u - ring "Xyog" {rC+ MP+9 Str+6 Int+5 SInv}
MPRegen  0.37/turn              V - ring "Qibri" {rPois rN+ MR+++ MP+9 Str-4 SInv}

@: flying, glowing, quick
A: big wings, negative energy resistance 1, electricity resistance, unbreathing,
petrification resistance, rot immunity, AC +20
}: 11/15 runes: decaying, serpentine, slimy, silver, iron, obsidian, icy, bone,
abyssal, demonic, fiery
a: Stop Flying, Divine Shield, Cleansing Flame, Summon Divine Warrior, Brand
Weapon With Holy Wrath, Renounce Religion


You were in Pandemonium.
You worshipped the Shining One.
The Shining One was exalted by your worship.
You visited 18 branches of the dungeon, and saw 85 of its levels.
You visited Pandemonium 1 time, and saw 9 of its levels.
You visited the Abyss 1 time.
You also visited: Sewer, Ossuary and Wizlab.

You collected 14428 gold pieces.
You spent 4936 gold pieces at shops.

Inventory:

Hand Weapons
 a - the +12 broad axe of Bright Watchfulness (weapon) {flame, Str+6}
   (You acquired it on level 2 of the Swamp)

   It has been specially enchanted to burn those struck by it, causing extra
   injury to most foes and up to half again as much damage against particularly
   susceptible opponents.
   Big, fiery blades are also staple armaments of hydra-hunters.
   It affects your strength (+6).
 b - a +9 trishula of holy wrath
 p - a +9 executioner's axe of flaming
Missiles
 R - 48 silver javelins (quivered)
Armour
 c - a scarf of resistance (worn)
 n - the +0 helmet of Ennui (worn) {rPois Int+6 Dex-5}
   (Okawaru gifted it to you on level 4 of the Depths)

   It affects your intelligence (+6).
   It affects your dexterity (-5).
   It protects you from poison.
 r - the +1 pair of gloves of the Wilderness {rN++}
   (You found it in Pandemonium)

   It greatly protects you from negative energy.
 w - the +3 chain mail of Tenacity {*Corrode rPois rF+++ Int-4}
   (You found it on level 6 of the Lair of Beasts)

   It affects your intelligence (-4).
   It renders you almost immune to fire.
   It protects you from poison.
   It may corrode you when you take damage.
 y - a +2 pair of gloves of strength (worn)
 F - the +10 pearl dragon scales of the Fifty Violins (worn) {rN+ Str+4}
   (Okawaru gifted it to you on level 12 of the Dungeon)

   It affects your strength (+4).
   It protects you from negative energy.
 I - a +2 pair of boots of running (worn)
 J - the +9 scales of the Dragon King {rPois rF+ rC+ MR+}
   (You found it on level 6 of the Lair of Beasts)

   It protects you from fire.
   It protects you from cold.
   It protects you from poison.
   It affects your resistance to hostile enchantments.
 U - a +5 kite shield of protection (worn)
Jewellery
 e - the ring "Definko" {rC+ Dex+8}
   (You found it on level 5 of the Vaults)

   [ring of protection from cold]

   It affects your dexterity (+8).
   It protects you from cold.
 j - the amulet "Mymac" {Spirit Int+5}
   (You found it in Pandemonium)

   [amulet of guardian spirit]

   It causes incoming damage to be split between your health and magic.
   It affects your intelligence (+5).
 l - the amulet of Vitality {Regen+ HP+15}
   (You found it on level 5 of the Pits of Slime)

   [amulet of regeneration]

   It affects your health (+15).
   It increases your rate of regeneration.
 m - the ring of the Hungering Jester {rN+++ MR- Slay+2 Stlth-}
   (You took it off a balrug in Pandemonium)

   [ring of attention]

   It affects your accuracy and damage with ranged weapons and melee attacks
   (+2).
   It renders you almost immune to negative energy.
   It affects your resistance to hostile enchantments.
   It makes you less stealthy.
 q - the amulet of Jykhon (around neck) {rF++ Regen+ Dex+4}
   (You took it off a deep elf elementalist on level 3 of the Elven Halls)

   [amulet of regeneration]

   It affects your dexterity (+4).
   It greatly protects you from fire.
   It increases your rate of regeneration.
 u - the ring "Xyog" (left hand) {rC+ MP+9 Str+6 Int+5 SInv}
   (You found it on level 7 of Tartarus)

   [ring of strength]

   It affects your strength (+6).
   It affects your intelligence (+5).
   It protects you from cold.
   It affects your magic capacity (+9).
   It lets you see invisible.
 C - the ring "Siaps" {rN+ Str+5 Int+6 Dex-2}
   (You found it on level 3 of the Crypt)

   [ring of positive energy]

   It affects your strength (+5).
   It affects your intelligence (+6).
   It affects your dexterity (-2).
   It protects you from negative energy.
 N - the ring "Obbi" {Wiz rElec}
   (You found it on level 5 of the Depths)

   [ring of wizardry]

   It improves your spell success rate.
   It insulates you from electricity.
 V - the ring "Qibri" (right hand) {rPois rN+ MR+++ MP+9 Str-4 SInv}
   (You found it on level 5 of the Vaults)

   [ring of positive energy]

   It affects your strength (-4).
   It protects you from poison.
   It protects you from negative energy.
   It affects your resistance to hostile enchantments.
   It affects your magic capacity (+9).
   It lets you see invisible.
Wands
 d - a wand of digging (3)
 K - a wand of acid (32)
Scrolls
 g - 12 scrolls of fear
 i - 27 scrolls of teleportation
 k - 3 scrolls of magic mapping
 s - 5 scrolls of enchant armour
 t - 5 scrolls of immolation
 z - 21 scrolls of identify
 A - 6 scrolls of silence
 D - a scroll of amnesia
 E - a scroll of holy word
 H - 9 scrolls of blinking
 S - 4 scrolls of fog
 T - 21 scrolls of remove curse
Potions
 f - 14 potions of mutation
 h - 8 potions of cancellation
 o - 2 potions of berserk rage
 v - 27 potions of curing
 x - 6 potions of haste
 B - 3 potions of resistance
 G - 2 potions of heal wounds
 O - 2 potions of might


   Skills:
 - Level 26.1 Fighting
 - Level 21.1 Axes
 - Level 4.1 Throwing
 - Level 25.2 Armour
 - Level 17.3 Dodging
 - Level 16.4 Shields
 + Level 16.7 Spellcasting
 - Level 15.6 Summonings
 - Level 8.3 Necromancy
 - Level 9.4 Translocations
 - Level 7.1 Transmutations
 - Level 25.0 Earth Magic
 - Level 22.0 Invocations


You had 32 spell levels left.
You knew the following spells:

 Your Spells              Type           Power        Failure   Level
a - Petrify               Tmut/Erth      #######.     1%          4
c - Blink                 Tloc           N/A          1%          2
d - Apportation           Tloc           ######       1%          1
e - Lee's Rapid Deconstr  Erth           ########..   0%          5
f - Shadow Creatures      Summ           N/A          1%          6
g - Shatter               Erth           ########..   10%         9

Your spell library contained the following spells:

 Spells                   Type           Power        Failure   Level
 Sandblast                Erth           ######       0%          1
 Summon Small Mammal      Summ           ####         0%          1
 Call Imp                 Summ           #######.     0%          2
 Passwall                 Tmut/Erth      #######.     0%          2
 Call Canine Familiar     Summ           #######.     0%          3
 Animate Skeleton         Necr           ######       1%          1
 Beastly Appendage        Tmut           ######       1%          1
 Pain                     Necr           ####         1%          1
 Sting                    Tmut/Pois      ####         1%          1
 Corpse Rot               Necr/Air       N/A          1%          2
 Wereblood                Tmut           ######..     1%          2
 Gell's Gravitas          Tloc           ######....   1%          3
 Lesser Beckoning         Tloc           ######....   1%          3
 Portal Projectile        Hex/Tloc       #####.       1%          3
 Spider Form              Tmut/Pois      #####.....   1%          3
 Stone Arrow              Conj/Erth      ######       1%          3
 Summon Guardian Golem    Hex/Summ       ######..     1%          3
 Teleport Other           Tloc           ######..     1%          3
 Vampiric Draining        Necr           ######....   1%          3
 Animate Dead             Necr           ######....   1%          4
 Leda's Liquefaction      Hex/Erth       ######....   1%          4
 Passage of Golubria      Tloc           N/A          1%          4
 Summon Ice Beast         Ice/Summ       ######..     1%          4
 Summon Lightning Spire   Summ/Air       ######..     1%          4
 Borgnjor's Vile Clutch   Necr/Erth      #######...   1%          5
 Summon Demon             Summ           #######...   1%          5
 Summon Forest            Summ/Tloc      ######....   1%          5
 Agony                    Necr           ######..     2%          5
 Bolt of Magma            Conj/Fire/Erth ######....   2%          5
 Excruciating Wounds      Necr           ######....   2%          5
 Iron Shot                Conj/Erth      ######....   2%          6
 Corona                   Hex            ###....      3%          1
 Foxfire                  Conj/Fire      ###.         3%          1
 Magic Dart               Conj           ###.         3%          1
 Shock                    Conj/Air       ###.         3%          1
 Ignite Poison            Fire/Tmut/Pois #####...     3%          3
 Summon Mana Viper        Hex/Summ       ######..     3%          5
 Ensorcelled Hibernation  Hex/Ice        ###...       4%          2
 Poisonous Vapours        Pois/Air       ###...       4%          2
 Searing Ray              Conj           ###...       4%          2
 Swiftness                Air            ###.....     4%          2
 Blade Hands              Tmut           ######....   4%          5
 Summon Hydra             Summ           #######...   4%          7
 Ice Form                 Ice/Tmut       #####...     7%          4
 Confusing Touch          Hex            ###.....     9%          3
 Conjure Flame            Conj/Fire      ###.....     9%          3
 Dazzling Flash           Conj/Hex       ###...       9%          3
 Inner Flame              Hex/Fire       ###.....     9%          3
 Mephitic Cloud           Conj/Pois/Air  ###.....     9%          3
 Ozocubu's Armour         Ice            ###.....     9%          3
 Static Discharge         Conj/Air       ###.....     9%          3
 Tukima's Dance           Hex            ###.....     9%          3
 Dispersal                Tloc           ######....   9%          6
 Death Channel            Necr           ######....   14%         6
 Malign Gateway           Summ/Tloc      ######....   14%         7
 Irradiate                Conj/Tmut      #####.....   19%         5
 Yara's Violent Unravell  Hex/Tmut       #####.....   19%         5
 Hydra Form               Tmut           ######....   24%         6
 Cause Fear               Hex            ###.......   28%         4
 Fulminant Prism          Conj/Hex       ###.......   28%         4
 Olgreb's Toxic Radiance  Pois           ###.....     28%         4
 Sticky Flame             Conj/Fire      ###.....     28%         4
 Fireball                 Conj/Fire      ###.......   63%         5
 Iskenderun's Battlesphe  Conj           ###.....     63%         5
 Lightning Bolt           Conj/Air       ###.......   63%         5
 Metabolic Englaciation   Hex/Ice        ###.......   63%         5
 Silence                  Hex/Air        ###.......   63%         5
 Simulacrum               Ice/Necr       #####.....   63%         6
 Spellforged Servitor     Conj/Summ      ######....   69%         7
 Eringya's Noxious Bog    Tmut/Pois      #####.....   71%         6
 Dragon Form              Tmut           ######....   78%         7
 Disjunction              Tloc           ######....   98%         8
 Conjure Ball Lightning   Conj/Air       ###.......   99%         6
 Freezing Cloud           Conj/Ice/Air   ###.......   99%         6
 Invisibility             Hex            ###.....     99%         6
 Ozocubu's Refrigeration  Ice            ###.......   99%         6
 Starburst                Conj/Fire      ###.......   99%         6
 Orb of Destruction       Conj           ###.......   100%        7
 Discord                  Hex            ###.......   100%        8
 Ignition                 Fire           ###.......   100%        8
 Tornado                  Air            ###.......   100%        9
 Sublimation of Blood     Necr           Unusable     N/A         2
 Statue Form              Tmut/Erth      Unusable     N/A         6

Dungeon Overview and Level Annotations

Branches:
Dungeon (15/15)            Temple (1/1) D:4            Lair (6/6) D:9
  Swamp (4/4) Lair:4        Snake (4/4) Lair:4        Slime (5/5) Lair:6
    Orc (2/2) D:10            Elf (3/3) Orc:2        Vaults (5/5) D:14
  Crypt (3/3) Vaults:3       Tomb (1/3) Crypt:3      Depths (5/5) D:15
   Hell (visited)             Dis (7/7) Hell            Geh (7/7) Hell
    Coc (7/7) Hell            Tar (7/7) Hell            Zot (4/5) Depths:5
  Sewer (visited)         Ossuary (visited)          WizLab (visited)

Altars:
Dithmenos
Elyvilon
Fedhas
Gozag
Hepliaklqana
Kikubaaqudgha
Makhleb
Nemelex Xobeh
Okawaru
Qazlal
Ru
Sif Muna
Trog
Uskayaw
Vehumet
Wu Jian
Xom
Yredelemnul
Zin
The Shining One
Beogh
Jiyva

Shops:
D:14 *   D:15 [   Orc:2 *:*[   Elf:2 [   Elf:3 [   Snake:3 (*   Vaults:2 :
Depths:1 :   Depths:2 *

Portals:
Hell: Depths:1 Depths:2 Depths:3 Depths:4 Depths:5
Abyss: Depths:4
Pandemonium: Depths:3
Ziggurat: Depths:2

Annotations:
D:7 exclusion: downstairs
D:10 exclusion: obsidian statue
Lair:2 exclusion: 2 oklob plants
Snake:2 1 runed translucent door, Rodnoix's ghost, journeyman GnFi
Elf:2 5 runed translucent doors
Coc:7 exclusion: ice statue, Antaeus
Zot:3 3 runed translucent doors, Epouc's ghost, legendary TrBe
Pan Lom Lobon


Innate Abilities, Weirdness & Mutations

You are resistant to torment.
Your stone body is resilient. (AC +20)
You are immune to poison.
Your large and strong wings let you fly indefinitely.
You resist negative energy. (rN+)
You are resistant to electric shocks. (rElec)
You can survive without breathing.
You are immune to petrification.
You are immune to rotting.


Message History

Your daeva calls down the wrath of the Shining One upon the wind drake.
The wind drake is smitten.
The wind drake flaps its wings at you.
The air twists around and violently strikes you in flight.
The wind drake flaps its wings at you.
The air twists around and violently strikes you in flight!
* * * LOW HITPOINT WARNING * * *
You are momentarily dazzled by a brilliant light.
The wind drake flaps its wings at you.
The air twists around and violently strikes you in flight.
Unknown command.
You feel better.
Your angel closely misses the wind drake.
Your angel hits the wind drake with a +3 sacred scourge of holy wrath!
The wind drake flaps its wings at you.
The air twists around and violently strikes you in flight!!
* * * LOW HITPOINT WARNING * * *
The titan waves its arms in wide circles.
The air twists around and violently strikes you in flight!!!
You die...

≈≈..≈.#≈..............≈##≈.[≈≈...
≈≈..≈#.≈≈≈..........≈≈≈##≈..≈≈≈..
.≈).≈#.#.≈≈≈≈≈≈≈≈≈≈≈≈####≈..≈.≈≈.
.≈..≈#####..##.##..### #≈..≈..≈.
.≈..≈# #...#######.# #≈..≈..≈.
$≈..≈# ###.###≈≈#### #≈..≈..≈.
.≈..≈# #.#≈≈≈≈≈≈### #≈..≈..≈.
.≈..≈# ##≈≈≈....≈≈≈## #≈..≈..≈.
.≈..≈# ##≈≈....A@..≈≈## #≈..≈..≈.
.≈..≈# #≈≈..[.......≈≈# #≈..≈..≈.
.≈..≈###≈...(..A../..≈#*#≈..≈..≈.
.≈..≈##≈≈....kA......≈≈##≈..≈..≈.
.≈..≈##≈....k.≈≈......≈##≈..≈..≈.
.≈..###≈....)≈≈≈≈.....≈###..≈..≈.
≈≈..# #≈....≈C..≈≈....≈# #..≈≈.≈.
≈,,** #.....≈≈.k≈≈.....# ##..≈≈≈.
,,,* #......≈≈≈≈./....# #†.)≈≈.


You could see a titan, 3 wind drakes, 2 friendly daevas and a friendly angel
(summoned).

Vanquished Creatures
  Cerebov (Pan)
  Asmodeus (Geh:7)
  the Royal Jelly (Slime:5)
  the Serpent of Hell (Dis:7)
  Dispater (Dis:7)
  Mara (Swamp:3)
  An ancient lich (Vaults:5)
  Mennas (Vaults:2)
  A juggernaut (Depths:5)
  3 greater mummies
  Bai Suzhen (Vaults:3)
  Boris (twice) (Depths:3 Crypt:3)
  Sojobo (Depths:5)
  A Killer Klown (Zot:4)
  A curse toe (Zot:4)
  9 shard shrikes
  Margery (Depths:4)
  A pandemonium lord (Pan)
  Saint Roka (Depths:3)
  Nikola (Snake:2)
  Geryon (Hell)
  the Enchantress (Depths:5)
  10 golden dragons
  6 caustic shrikes
  8 bone dragons
  A profane servitor (Crypt:3)
  A pearl dragon (Pan)
  12 Tzitzimimeh
  4 doom hounds
  5 iron giants
  20 Brimstone Fiends
  6 Hell Sentinels
  20 tentacled monstrosities
  6 liches
  16 Ice Fiends
  6 deep elf master archers
  20 titans
  A kraken (Abyss:3)
  13 quicksilver dragons
  Asterion (Depths:3)
  2 Executioners
  23 acid blobs
  9 deep elf blademasters
  A thorn hunter (Swamp:2)
  8 ancient champions
  8 death cobs
  9 sphinxes
  A tentacled starspawn (Abyss:1)
  10 shadow dragons
  9 revenants
  11 storm dragons
  9 nagarajas
  7 tengu reavers
  9 azure jellies
  2 draconian monks (Zot:1)
  The ghost of Ahimyadi the Severer, a journeyman NaWn of Gozag (Elf:1)
  23 fire giants
  2 daevas (Pan)
  6 draconian knights
  Aizul (Depths:1)
  A ghost moth (Zot:2)
  8 draconian scorchers
  14 iron dragons
  2 cacodemons
  6 deep elf sorcerers
  The ghost of kd29 the Stormcaller, a journeyman DrCj of Ru (Lair:6)
  A frost giant (shapeshifter) (Depths:4)
  5 curse skulls
  18 balrugs
  21 vault wardens
  8 deep elf elementalists
  22 frost giants
  5 draconian shifters
  An orc warlord (Vaults:4)
  12 angels (Pan)
  8 ghouls
  A warmonger (Pan)
  9 draconian stormcallers
  22 war gargoyles
  6 draconian annihilators
  15 ironheart preservers
  48 reapers
  4 spriggan defenders
  42 stone giants
  3 elemental wellsprings (Coc:7)
  10 ophanim (Pan)
  9 very ugly things
  2 entropy weavers
  7 vampire knights
  A blood saint (Pan)
  15 apis (Pan)
  7 green draconians
  9 deep elf demonologists
  6 white draconians
  11 deep elf annihilators
  12 black draconians
  11 yellow draconians
  A lorocyproca (Pan)
  5 bunyips
  14 purple draconians
  An orange crystal statue (WizLab)
  10 red draconians
  6 spark wasps (Depths:4)
  2 eleionomae
  A death ooze (Slime:5)
  8 quicksilver dragon zombies
  25 blizzard demons
  A merfolk javelineer (Depths:2)
  10 eidola
  An eleionoma (shapeshifter) (Depths:4)
  11 deep elf death magi
  18 ettins
  Josephine (Orc:2)
  7 green deaths
  7 deep elf high priests
  A spectral kraken (Tar:7)
  2 shambling mangroves
  A kraken zombie (Coc:7)
  3 mummy priests
  18 great orbs of eyes
  2 quicksilver dragon skeletons
  24 hydras
  15 naga warriors
  2 jiangshi
  15 yaktaur captains
  A hell beast (Pan)
  44 ice dragons
  14 fire dragons
  31 vault guards
  10 rakshasas
  3 boulder beetles
  7 spriggan air magi
  10 death knights
  A fenstrider witch skeleton (Crypt:1)
  9 ghost crabs
  8 alligators
  13 anacondas
  11 ogre magi
  9 centaur warriors
  A catoblepas (Lair:5)
  21 dancing weapons
  9 death yaks
  4 titan zombies
  37 two-headed ogres
  5 thrashing horrors
  6 tengu warriors
  7 vampire magi
  6 deep troll shamans
  3 spriggan berserkers
  5 orc high priests
  4 deep troll earth magi
  9 shock serpents
  22 soul eaters
  A shock serpent (shapeshifter) (Vaults:1)
  13 naga sharpshooters
  15 spriggans
  25 deep elf knights
  19 hell hogs
  33 sun demons
  5 storm dragon zombies
  4 shadow wraiths
  A fire crab (Abyss:3)
  4 goliath frogs
  4 titan skeletons
  96 skeletal warriors
  6 iron golems
  40 hell knights
  2 salamander mystics
  8 sixfirhies
  14 iron trolls
  6 spriggan druids
  11 anaconda zombies
  3 ghost moth zombies
  A gelid demonspawn (Pan)
  9 bog bodies
  3 storm dragon skeletons
  8 cherubim (Pan)
  4 small abominations
  3 swamp dragons
  A torturous demonspawn (Pan)
  5 naga ritualists
  9 deep elf archers
  6 glowing orange brains
  An infernal demonspawn (Pan)
  An obsidian statue (Depths:2)
  A starcursed mass (Abyss:1)
  4 wizards
  2 unseen horrors
  3 golden dragon zombies
  8 shadow dragon zombies
  19 flayed ghosts
  20 shadow demons
  A kraken simulacrum (Coc:7)
  21 deep trolls
  16 ironbrand convokers
  A lindwurm (Lair:4)
  A tengu zombie (Depths:3)
  49 phantasmal warriors
  8 anaconda skeletons
  A death drake (Tar:7)
  22 orc knights
  6 frost giant zombies
  7 harpies
  A shining eye (Slime:5)
  3 oklob plants (Lair:6)
  5 fire giant zombies
  6 stone giant zombies
  7 orc sorcerers
  58 deep elf magi
  Pikel (D:3)
  11 wolf spiders
  4 wolf spider zombies
  5 iron dragon zombies
  6 mana vipers
  25 necromancers
  33 ugly things
  2 manticores (D:15)
  A worldbinder (Abyss:1)
  12 salamanders
  4 fire giant skeletons
  An elephant (shapeshifter) (Depths:5)
  A salamander (shapeshifter) (Depths:5)
  7 cyclopes
  3 shadow dragon skeletons
  A shock serpent zombie (Dis:1)
  A sphinx skeleton (Crypt:2)
  13 elephants
  5 will-o-the-wisps
  6 iron dragon skeletons
  15 moths of wrath
  5 stone giant skeletons
  A water nymph (shapeshifter) (Vaults:4)
  2 apocalypse crabs (Abyss:3)
  18 vault sentinels
  7 dire elephant zombies
  3 eyes of devastation
  2 spriggan zombies
  2 ice statues
  29 rust devils
  4 storm dragon simulacra (Coc:7)
  9 titan simulacra (Coc:7)
  17 smoke demons
  22 black mambas
  5 orange demons
  30 naga magi
  A guardian serpent (shapeshifter) (Vaults:1)
  5 frost giant skeletons
  A torpor snail (shapeshifter) (Vaults:3)
  4 guardian serpents
  7 molten gargoyles
  2 eyes of devastation (shapeshifter) (Vaults:5)
  18 cane toads
  23 hellions
  A catoblepas zombie (Tar:5)
  A kobold demonologist (D:11)
  A shock serpent skeleton (Geh:3)
  A rime drake (shapeshifter) (Vaults:2)
  5 rime drakes
  11 komodo dragons
  3 dire elephant skeletons
  14 spectral swamp worms
  A white draconian zombie (Coc:7)
  37 freezing wraiths
  25 ice devils
  A komodo dragon (shapeshifter) (Depths:4)
  9 efreet
  7 hellwings (Pan)
  35 tormentors
  77 yaktaurs
  4 anaconda simulacra (Coc:7)
  A catoblepas skeleton (Coc:7)
  37 red devils
  3 tengu conjurers
  9 guardian mummies
  2 harpy zombies
  2 ancient zymes
  11 wind drakes (Pan)
  A redback zombie (D:14)
  A queen bee (Lair:2)
  17 hornets
  10 hydra zombies
  11 polar bears
  A bloated husk (Swamp:4)
  A silent spectre (Tar:7)
  3 jumping spiders
  A slime creature (shapeshifter) (Vaults:5)
  A shadow dragon simulacrum (Coc:5)
  7 hydra skeletons
  4 trolls
  6 ice dragon zombies
  5 raiju (Lair:6)
  56 slime creatures
  A blink frog (shapeshifter) (Vaults:1)
  5 fire dragon zombies
  2 harpy skeletons
  3 iron dragon simulacra (Hell)
  29 blink frogs
  9 tyrant leeches
  5 ettin zombies
  2 meliai zombies (D:14)
  A stone giant simulacrum (Crypt:2)
  A jumping spider zombie (Crypt:2)
  4 alligator zombies
  A human simulacrum (Vaults:2)
  5 ice dragon skeletons
  3 air elementals
  2 black mamba zombies
  94 flying skulls
  A tarantella (shapeshifter) (Depths:2)
  8 redbacks
  A spriggan (shapeshifter) (D:14)
  5 ynoxinuls
  2 alligator skeletons (Coc:7)
  4 wyverns
  66 yaks
  A fire dragon skeleton (Geh:2)
  44 wraiths
  21 shadows
  A vampire (D:14)
  2 ushabtiu (Tomb:1)
  A redback (shapeshifter) (Vaults:5)
  A black mamba skeleton (Tar:7)
  A dire elephant simulacrum (Coc:1)
  10 water elementals
  A yak (shapeshifter) (Vaults:4)
  6 large abominations
  A hog (shapeshifter) (Vaults:4)
  3 ettin skeletons
  6 basilisks
  A chaos spawn (Pan)
  26 fire elementals
  12 golden eyes
  2 neqoxecs (Abyss:3)
  12 vampire mosquitoes
  4 swamp worm simulacra (Swamp:4)
  A swamp worm (shapeshifter) (Depths:2)
  15 swamp worms
  48 nagas
  A soldier ant (shapeshifter) (Vaults:4)
  A soldier ant (D:14)
  16 wargs
  An acid dragon (D:12)
  A naga (shapeshifter) (Depths:2)
  21 hydra simulacra
  7 cane toad zombies
  49 hell hounds
  19 water moccasins
  9 cane toad skeletons
  3 alligator simulacra
  7 ice beasts
  An infernal demonspawn skeleton (Geh:7)
  An eye of draining (shapeshifter) (Elf:2)
  5 snapping turtle zombies
  A swamp drake (shapeshifter) (Depths:4)
  2 swamp drakes
  13 black bears
  3 ettin simulacra (Depths:3)
  39 orc warriors
  2 manticore zombies
  26 necrophages
  4 sky beasts
  An ogre (shapeshifter) (Depths:2)
  8 phantoms
  6 boggarts
  4 eyes of draining
  A hornet zombie (D:5)
  3 swamp dragon zombies
  25 ogres
  33 wolves
  An elf skeleton (Vaults:3)
  4 centaurs
  10 human skeletons
  4 lemures (D:3)
  A swamp dragon skeleton (Hell)
  A snapping turtle skeleton (Coc:7)
  5 elf zombies
  A rime drake skeleton (Crypt:2)
  22 bullfrogs
  2 big kobolds
  A cane toad simulacrum (Coc:2)
  A deep troll simulacrum (Vaults:1)
  2 wyvern zombies
  4 scorpions
  6 wyvern skeletons (Crypt:3)
  A warg skeleton (Crypt:1)
  A yak zombie (Crypt:2)
  37 killer bees
  A polar bear skeleton (Crypt:2)
  4 troll skeletons
  55 wights
  A vampire bat (Lair:2)
  8 howler monkeys
  An electric eel (D:14)
  14 crimson imps
  19 centaur zombies
  4 bullfrog zombies
  4 hounds
  A wolf skeleton (Crypt:1)
  28 orc priests
  4 centaur skeletons
  2 human zombies (Ossuary)
  3 bullfrog skeletons
  6 iguanas
  2 jellies
  Crazy Yiuf (D:6)
  32 iron imps
  2 gnoll shamans
  27 orc wizards
  Natasha (thrice) (D:2)
  A basilisk skeleton (Crypt:2)
  11 worker ants
  A spriggan simulacrum (Coc:5)
  A killer bee zombie (D:10)
  An ogre zombie (Crypt:2)
  A hound zombie (D:6)
  A naga skeleton (Coc:5)
  15 mummies
  7 gnolls
  4 river rats (Lair:2)
  13 adders
  11 shadow imps
  18 white imps
  An ufetubus (D:6)
  4 swamp drake simulacra (Swamp:4)
  3 adder zombies
  2 worms (D:3)
  5 dart slugs
  7 leopard geckos
  114 orcs
  8 giant cockroaches
  3 goblins
  8 hobgoblins
  6 jackals (D:3)
  4 quokkas
  3 ball pythons
  25 bats
  7 frilled lizards
  2 jackal skeletons
  8 kobolds
  A kobold zombie (Geh:2)
  An orc skeleton (Crypt:1)
  2 quokka skeletons
  A quokka zombie (Crypt:1)
  15 rats
  A rat skeleton (Crypt:2)
  A block of ice (Pan)
  2 fire vortices (Pan)
  2 starspawn tentacles (Abyss:1)
  7 tentacles
4114 creatures vanquished.

Vanquished Creatures (collateral kills)
  Ereshkigal (Tar:7)
  A seraph (Pan)
  An iron giant (Dis:7)
  A Brimstone Fiend (Geh:7)
  A Tzitzimitl (Tar:7)
  A tentacled monstrosity (Depths:4)
  An Ice Fiend (Dis:7)
  2 quicksilver dragons (Dis:7)
  An ancient champion (Dis:7)
  A storm dragon (Pan)
  A tengu reaver (Depths:4)
  A daeva (Pan)
  7 balrugs (Pan)
  An angel (Pan)
  A war gargoyle (Dis:7)
  An ophan (Pan)
  A reaper (Dis:7)
  2 ice dragons (Coc:7)
  A yaktaur captain (Depths:4)
  A rakshasa (Pan)
  A spriggan air mage (Pan)
  4 sun demons (Pan)
  A titan zombie (Coc:1)
  2 iron golems (Dis:7)
  5 skeletal warriors
  An anaconda zombie (Coc:1)
  2 wizards (Pan)
  3 cherubim (Pan)
  A wolf spider zombie (Dis:4)
  A golden dragon skeleton (Geh:3)
  A fire giant zombie (Dis:4)
  2 iron dragon zombies
  A frost giant skeleton (Geh:3)
  3 rust devils
  An orange demon (Pan)
  An efreet (Pan)
  2 hellions
  3 tormentors
  A hellwing (Pan)
  9 red devils
  A harpy zombie (Geh:3)
  2 wind drakes (Pan)
  A harpy skeleton (Geh:3)
  An ettin zombie (Tar:7)
  A fire dragon zombie (Dis:7)
  5 flying skulls
  A wraith (Dis:7)
  2 ynoxinuls (Pan)
  A hydra simulacrum (Coc:7)
  An ice beast (Coc:1)
  An alligator simulacrum (Coc:7)
  A necrophage (Dis:7)
  A swamp dragon skeleton (Geh:3)
  A snapping turtle skeleton (Geh:3)
  3 wights (Geh:3)
  2 iron imps (Dis:7)
  A mummy (Coc:1)
  A fire vortex (Pan)
100 creatures vanquished.

Vanquished Creatures (others)
  2 liches
  A Hell Sentinel (Dis:7)
  A titan (Crypt:3)
  A deep elf master archer (Crypt:3)
  A nagaraja (Snake:4)
  A fire giant (Hell)
  A draconian scorcher (Zot:1)
  2 elemental wellsprings (Coc:7)
  A draconian annihilator (Zot:2)
  A great orb of eyes (Depths:5)
  An ice dragon (Coc:7)
  2 alligators
  2 spriggans
  A hell hog (Hell)
  A sun demon (Geh:7)
  2 hell knights
  A glowing orange brain (Pan)
  A golden dragon zombie (Dis:4)
  A wizard (Pan)
  A swamp dragon (Swamp:2)
  A deep elf archer (Crypt:3)
  A mana viper (shapeshifter) (Depths:5)
  A necromancer (Depths:3)
  A deep elf mage (Crypt:3)
  An ugly thing (Depths:1)
  An iron dragon skeleton (Geh:2)
  A molten gargoyle (Geh:7)
  A kobold demonologist (D:14)
  5 bloated husks
  2 hornets (Swamp:2)
  A tyrant leech (Swamp:4)
  3 blink frogs
  8 flying skulls
  A black mamba zombie (Geh:3)
  An ice dragon skeleton (Geh:7)
  2 fire elementals
  A naga (Snake:2)
  2 swamp worms (Swamp:1)
  A hell hound (Geh:7)
  An orc warrior (Depths:3)
  3 ball lightnings (Pan)
  An orc (Depths:3)
  2 bushes (Lair:6)
  18 foxfires
  52 fungi
  48 plants
  4 starspawn tentacles (Abyss:1)
  23 tentacles
  20 withered plants (Crypt:3)
232 creatures vanquished.

Grand Total: 4446 creatures vanquished

Notes
Turn   | Place    | Note
-------+----------+-------------------------------------------
     0 | D:1      | strifetoe the Gargoyle Fighter began the quest for the Orb.
     0 | D:1      | Reached XP level 1. HP: 14/14 MP: 1/1
   193 | D:1      | Reached XP level 2. HP: 19/19 MP: 2/2
   493 | D:1      | Reached XP level 3. HP: 23/23 MP: 3/3
   891 | D:2      | Noticed a bullfrog
   908 | D:2      | Killed a bullfrog
   909 | D:2      | Reached XP level 4. HP: 8/28 MP: 4/4
  1321 | D:2      | Noticed Natasha
  1327 | D:2      | Killed Natasha
  1328 | D:2      | Reached XP level 5. HP: 24/32 MP: 5/5
  1524 | D:2      | Noticed Natasha
  1536 | D:2      | Killed Natasha
  1792 | D:2      | Reached skill level 5 in Axes
  1870 | D:2      | Found a hazy altar of Hepliaklqana.
  2031 | D:2      | Noticed Natasha
  2055 | D:2      | Killed Natasha
  2241 | D:3      | Found a glowing drain.
  2275 | Sewer    | Entered a sewer
  2442 | Sewer    | Noticed a water moccasin
  2454 | Sewer    | Killed a water moccasin
  2455 | Sewer    | Reached XP level 6. HP: 37/37 MP: 6/6
  3209 | D:4      | Found a staircase to the Ecumenical Temple.
  3215 | D:4      | Noticed Pikel
  3520 | D:2      | Reached XP level 7. HP: 29/41 MP: 7/7
  4073 | D:3      | HP: 2/41 [disintegration (28)]
  4075 | D:3      | Killed Pikel
  4076 | D:3      | Reached XP level 8. HP: 3/46 MP: 8/8
  4476 | Temple   | Entered the Ecumenical Temple
  4705 | Temple   | Became a worshipper of Warmaster Okawaru
  4741 | D:4      | Found a sparkling altar of Nemelex Xobeh.
  5332 | D:5      | Entered Level 5 of the Dungeon
  5409 | D:5      | Reached skill level 4 in Fighting
  5641 | D:5      | Reached skill level 5 in Fighting
  5974 | D:5      | Reached * piety under Okawaru
  5975 | D:5      | Reached XP level 9. HP: 52/54 MP: 9/9
  6333 | D:6      | Found a sand-covered staircase.
  6340 | Ossuary  | Entered an ossuary
  6393 | Ossuary  | Reached skill level 6 in Fighting
  6452 | Ossuary  | Reached skill level 10 in Axes
  6753 | D:6      | Reached skill level 7 in Fighting
  6915 | D:6      | Found a radiant altar of Vehumet.
  7206 | D:6      | Reached ** piety under Okawaru
  7641 | D:6      | Reached skill level 8 in Fighting
  7985 | D:6      | Found a runed translucent door.
  7986 | D:6      | Noticed Crazy Yiuf
  8046 | D:6      | Killed Crazy Yiuf
  8139 | D:7      | Found a runed translucent door.
  8374 | D:7      | Found a basalt altar of Yredelemnul.
  8374 | D:7      | Found a hide-covered altar of Uskayaw.
  8375 | D:7      | Found an opulent altar of Gozag.
  8419 | D:7      | Reached XP level 10. HP: 64/64 MP: 10/10
  8889 | D:7      | Reached skill level 5 in Armour
  9109 | D:7      | Reached *** piety under Okawaru
  9309 | D:7      | Found a roughly hewn altar of Beogh.
  9316 | D:7      | Got a warped platinum ring
  9319 | D:7      | Identified the ring "Sicoll" {MP+9 Str+4} (You found it on
                  | level 7 of the Dungeon)
  9525 | D:8      | Reached skill level 1 in Invocations
  9756 | D:8      | Found an ornate altar of the Wu Jian Council.
  9794 | D:8      | Noticed a two-headed ogre
  9804 | D:8      | Killed a two-headed ogre
  9847 | D:8      | Noticed a two-headed ogre
 10307 | D:8      | Found a stormy altar of Qazlal.
 10372 | D:8      | Killed a two-headed ogre
 10372 | D:8      | Reached **** piety under Okawaru
 10637 | D:9      | Found a staircase to the Lair.
 10880 | D:9      | Reached XP level 11. HP: 68/68 MP: 13/13
 11256 | D:9      | Noticed a cyclops
 11372 | D:9      | Killed a cyclops
 11372 | D:9      | Reached ***** piety under Okawaru
 11535 | D:10     | Entered Level 10 of the Dungeon
 11604 | D:10     | Paralysed by an orc wizard for 2 turns
 11797 | D:10     | Noticed an obsidian statue
 12092 | D:10     | Found a staircase to the Orcish Mines.
 12095 | D:10     | Found a roughly hewn altar of Beogh.
 12925 | D:11     | Reached skill level 5 in Invocations
 13537 | D:12     | Noticed a two-headed ogre
 13555 | D:12     | Killed a two-headed ogre
 13555 | D:12     | Received a gift from Okawaru
 13708 | D:12     | Got distressingly furry pearl dragon scales {god gift}
 13769 | D:11     | Identified the +10 pearl dragon scales of the Fifty Violins
                  | {rN+ Str+4} (Okawaru gifted it to you on level 12 of the
                  | Dungeon)
 13927 | D:12     | Noticed a deep elf mage
 13949 | D:12     | Killed a deep elf mage
 13950 | D:12     | Reached XP level 12. HP: 73/73 MP: 16/16
 14823 | Lair:1   | Entered Level 1 of the Lair of Beasts
 14970 | Lair:1   | Noticed a four-headed hydra
 14981 | Lair:1   | Killed a four-headed hydra
 15392 | Lair:1   | Reached skill level 1 in Dodging
 15719 | Lair:1   | Received a gift from Okawaru
 15719 | Lair:1   | Reached ****** piety under Okawaru
 15722 | Lair:1   | Got a twisted battleaxe {god gift}
 15930 | Lair:1   | Identified the +7 battleaxe "Kidemohi" {holy, *Rage rPois
                  | rF+ Int+3} (Okawaru gifted it to you on level 1 of the Lair
                  | of Beasts)
 15975 | Lair:2   | Reached skill level 9 in Fighting
 16144 | Lair:2   | Reached XP level 13. HP: 80/80 MP: 17/17
 16150 | Lair:2   | Found a frozen archway.
 16267 | Lair:2   | Reached skill level 10 in Armour
 16362 | Lair:2   | Reached skill level 10 in Fighting
 16633 | Lair:2   | Received a gift from Okawaru
 17014 | Lair:2   | Learned a level 4 spell: Petrify
 17027 | Lair:3   | Reached skill level 1 in Earth Magic
 17155 | Lair:3   | Received a gift from Okawaru
 17316 | Lair:3   | Got an ichor-stained broad axe {god gift}
 17317 | Lair:3   | Identified the +1 broad axe "Bepugh" {pain, rElec} (Okawaru
                  | gifted it to you on level 3 of the Lair of Beasts)
 17323 | Lair:3   | Learned a level 4 spell: Animate Dead
 17362 | Lair:3   | Reached skill level 1 in Necromancy
 17945 | Lair:4   | Reached skill level 5 in Earth Magic
 18060 | Lair:4   | Reached skill level 15 in Axes
 18118 | Lair:4   | Received a gift from Okawaru
 18127 | Lair:4   | Reached skill level 1 in Throwing
 18256 | Lair:4   | Gained mutation: Your large and strong wings let you fly
                  | indefinitely. [Gargoyle growth]
 18256 | Lair:4   | Reached XP level 14. HP: 69/88 MP: 18/18
 18552 | Lair:4   | Found a staircase to the Snake Pit.
 18876 | Lair:4   | Found a staircase to the Swamp.
 19379 | Lair:5   | Received a gift from Okawaru
 19380 | Lair:5   | Got a crystal scimitar {god gift}
 20086 | Lair:6   | Entered Level 6 of the Lair of Beasts
 20104 | Lair:6   | Received a gift from Okawaru
 20121 | Lair:6   | Reached skill level 5 in Necromancy
 20183 | Lair:6   | Found a transporter.
 20183 | Lair:6   | Found a transporter.
 20184 | Lair:6   | Noticed kd29's ghost (journeyman DrCj)
 20500 | Lair:6   | Received a gift from Okawaru
 20833 | Lair:6   | Found a glowing silver altar of Zin.
 20925 | Lair:6   | Got a masterwork chain mail
 20930 | Lair:6   | Reached XP level 15. HP: 93/93 MP: 19/19
 21000 | Lair:6   | Received a gift from Okawaru
 21001 | Lair:6   | Reached skill level 10 in Earth Magic
 21005 | Lair:6   | Found the +9 scales of the Dragon King {rPois rF+ rC+ MR+}
 21027 | Lair:6   | Identified the +3 chain mail of Tenacity {*Corrode rPois
                  | rF+++ Int-4} (You found it on level 6 of the Lair of
                  | Beasts)
 22116 | Lair:6   | Killed kd29's ghost
 22116 | Lair:6   | Received a gift from Okawaru
 22317 | Orc:1    | Entered Level 1 of the Orcish Mines
 22675 | Orc:2    | Entered Level 2 of the Orcish Mines
 22798 | Orc:2    | Noticed Josephine
 22814 | Orc:2    | Killed Josephine
 22883 | Orc:2    | Paralysed by an orc sorcerer for 6 turns
 23444 | Orc:2    | Found a staircase to the Elven Halls.
 23496 | Orc:2    | Found Isene's General Store.
 24046 | Orc:2    | Found Obruavvo's Book Boutique.
 24048 | Orc:2    | Found Ruph's Armour Shoppe.
 24048 | Orc:2    | Found Sien's General Store.
 24058 | Orc:2    | Reached XP level 16. HP: 80/99 MP: 20/20
 24148 | Orc:2    | Bought a scroll of teleportation for 36 gold pieces
 24148 | Orc:2    | Bought a scroll of teleportation for 36 gold pieces
 24613 | D:13     | Received a gift from Okawaru
 24729 | D:13     | Reached skill level 11 in Fighting
 25534 | D:13     | Reached skill level 5 in Shields
 25537 | D:13     | Got a shimmering chain mail
 25693 | D:13     | Identified the +8 chain mail "Enewn" {Harm} (You found it
                  | on level 13 of the Dungeon)
 25991 | D:14     | Found a burning altar of Makhleb.
 26143 | D:14     | Found a gate to the Vaults.
 26342 | D:14     | Reached skill level 12 in Fighting
 26356 | D:14     | Received a gift from Okawaru
 26592 | D:14     | Found Cogaw's General Store.
 26595 | D:14     | Bought a potion of curing for 45 gold pieces
 26847 | D:15     | Entered Level 15 of the Dungeon
 26862 | D:15     | Reached skill level 13 in Fighting
 27310 | D:15     | Found a staircase to the Depths.
 27373 | D:15     | Found Yduru's Armour Shop.
 27378 | D:15     | Bought a +1 pair of gloves of strength for 214 gold pieces
 27529 | D:15     | Reached skill level 14 in Fighting
 28093 | Snake:1  | Entered Level 1 of the Snake Pit
 28473 | Snake:1  | Received a gift from Okawaru
 28496 | Snake:1  | Reached XP level 17. HP: 77/112 MP: 19/21
 28671 | Snake:1  | Reached skill level 15 in Fighting
 28910 | Snake:1  | Reached skill level 5 in Dodging
 29472 | Snake:2  | Received a gift from Okawaru
 29786 | Snake:2  | Noticed Nikola
 29904 | Snake:2  | Killed Nikola
 30075 | Snake:2  | Received a gift from Okawaru
 30095 | Snake:2  | Got an ivory great mace {god gift}
 30485 | Snake:2  | Found a runed translucent door.
 30489 | Snake:2  | Noticed Rodnoix's ghost (journeyman GnFi)
 30718 | Snake:2  | Received a gift from Okawaru
 31128 | Snake:3  | Found Xiox's Assorted Antiques.
 31128 | Snake:3  | Found Daso Temn's Weapon Boutique.
 31142 | Snake:3  | Received a gift from Okawaru
 31160 | Snake:3  | Bought a scratched granite ring for 145 gold pieces
 31160 | Snake:3  | Bought a scroll of blinking for 217 gold pieces
 31446 | Snake:3  | Received a gift from Okawaru
 31983 | Snake:3  | Identified the +3 great mace "Qacoguf" {holy, rN+ Str+2
                  | Int-4} (Okawaru gifted it to you on level 2 of the Snake
                  | Pit)
 31996 | Snake:4  | Entered Level 4 of the Snake Pit
 32157 | Snake:4  | Received a gift from Okawaru
 32664 | Snake:4  | Received a gift from Okawaru
 32665 | Snake:4  | Reached XP level 18. HP: 119/119 MP: 22/22
 32772 | Snake:4  | Received a gift from Okawaru
 32801 | Snake:4  | Reached skill level 15 in Armour
 33061 | Snake:4  | Got a serpentine rune of Zot
 33795 | Swamp:1  | Entered Level 1 of the Swamp
 35456 | Swamp:2  | Received a gift from Okawaru
 35498 | Swamp:2  | Found a basalt altar of Yredelemnul.
 36091 | Swamp:2  | Identified a scroll of acquirement
 36091 | Swamp:2  | Acquired the +12 broad axe of Bright Watchfulness {flame,
                  | Str+6}
 36225 | Swamp:3  | Received a gift from Okawaru
 36293 | Swamp:3  | Noticed Mara
 36298 | Swamp:3  | Noticed strifetoe's illusion
 36305 | Swamp:3  | Killed Mara
 36306 | Swamp:3  | Reached XP level 19. HP: 112/124 MP: 23/23
 37222 | Swamp:4  | Entered Level 4 of the Swamp
 37229 | Swamp:4  | Received a gift from Okawaru
 37739 | Swamp:4  | Got a decaying rune of Zot
 38380 | Vaults:1 | Entered Level 1 of the Vaults
 38723 | Vaults:1 | Received a gift from Okawaru
 38953 | Vaults:1 | Received a gift from Okawaru
 39100 | Vaults:1 | You are sucked into a shaft and drop 1 floor!
 39388 | Vaults:2 | Reached XP level 20. HP: 90/129 MP: 22/24
 39400 | Vaults:2 | Upgraded the game from 0.26-a0-844-g3dd439832f to
                  | 0.26-a0-846-gcc8f1ee719
 39620 | Vaults:2 | Noticed Mennas
 40103 | Vaults:1 | Noticed a Brimstone Fiend
 40638 | Vaults:2 | Killed Mennas
 40642 | Vaults:2 | Reached skill level 16 in Fighting
 40647 | Vaults:2 | Received a gift from Okawaru
 40725 | Vaults:2 | Identified the +12 hand axe "Eruec" {protect, *Rage rElec
                  | MP+9 Str+6}
 40793 | Vaults:2 | Found a sacrificial altar of Ru.
 40832 | Vaults:2 | Found Bunke's Book Emporium.
 41074 | Vaults:2 | Identified the Guide on Doomed Attacks
 41583 | Vaults:2 | Reached skill level 17 in Fighting
 41587 | Vaults:2 | Identified Tocox's Papyrus of Lethal Earth
 41883 | Vaults:3 | Received a gift from Okawaru
 42163 | Vaults:3 | Found a staircase to the Crypt.
 42429 | Vaults:3 | Reached skill level 18 in Fighting
 43024 | Vaults:3 | Noticed Bai Suzhen
 43044 | Vaults:3 | Killed Bai Suzhen
 43045 | Vaults:3 | Reached XP level 21. HP: 130/142 MP: 22/25
 43362 | Vaults:4 | Reached skill level 19 in Fighting
 43493 | Vaults:4 | Found a magical portal.
 43504 | WizLab   | Entered Wucad Mu's Monastery
 43637 | WizLab   | Found the +9 staff of Wucad Mu {channel}
 43709 | WizLab   | Reached XP level 22. HP: 150/150 MP: 26/26
 44217 | Vaults:4 | Received a gift from Okawaru
 44333 | Vaults:4 | Reached skill level 20 in Fighting
 44726 | Vaults:4 | Received a gift from Okawaru
 45324 | Elf:1    | Entered Level 1 of the Elven Halls
 45749 | Elf:1    | Identified the Compendium of the Entourage
 45790 | Elf:1    | Found a runed translucent door.
 45834 | Elf:1    | Noticed Ahimyadi's ghost (journeyman NaWn)
 45963 | Elf:1    | Reached skill level 21 in Fighting
 46358 | Elf:1    | Killed Ahimyadi's ghost
 46624 | Elf:2    | Received a gift from Okawaru
 46810 | Elf:2    | Found an ancient bone altar of Kikubaaqudgha.
 46817 | Elf:2    | Found Neyrueta's Antique Armour Shop.
 46825 | Elf:2    | Bought a glimmering helmet for 323 gold pieces
 46868 | Elf:2    | Found a huge runed translucent gate.
 46868 | Elf:2    | Found a huge runed translucent gate.
 46869 | Elf:2    | Found a huge runed translucent gate.
 46870 | Elf:2    | Found a huge runed translucent gate.
 46883 | Elf:2    | Found a huge runed translucent gate.
 46993 | Elf:2    | Identified the +0 helmet of Coerphof {rElec} (You bought it
                  | in a shop on level 2 of the Elven Halls)
 47028 | Elf:3    | Entered Level 3 of the Elven Halls
 47107 | Elf:3    | Found Kaol Biu's Antique Armour Emporium.
 47115 | Elf:3    | Bought a glowing scarf for 224 gold pieces
 47142 | Elf:3    | Received a gift from Okawaru
 47143 | Elf:3    | Got a glimmering kite shield {god gift}
 47151 | Elf:3    | Reached XP level 23. HP: 161/161 MP: 27/27
 47327 | Elf:3    | Identified the +4 kite shield of Caunahue {rPois MR- Dex+6}
                  | (Okawaru gifted it to you on level 3 of the Elven Halls)
 47435 | Elf:3    | Identified the +3 scythe of Gloom {flame, rPois rF+ rN+
                  | Str-2}
 47576 | Elf:3    | Reached skill level 22 in Fighting
 48030 | Elf:3    | Identified the +4 trident of Evil {pain, Fragile rN+ Int+4
                  | Dex+2}
 48275 | Elf:3    | Identified the +3 great mace "Qiss" {vorpal, rElec rC+ MR+}
 48275 | Elf:3    | Identified the amulet of Jykhon {rF++ Regen+ Dex+4}
 48364 | Elf:3    | Identified the +9 mace of Saum {vorpal, Str+2}
 48771 | Elf:3    | Found the +27 Lear's hauberk
 48807 | Elf:3    | Got a slimy hat
 48818 | Elf:3    | Identified the +2 hat "Ehokyr" {Stlth+} (You found it on
                  | level 3 of the Elven Halls)
 48870 | Elf:3    | Identified the cursed -10 tower shield of Iheid {rElec
                  | Str+4 Slay+5 SInv}
 48880 | Elf:3    | Reached skill level 23 in Fighting
 49134 | Depths:1 | Entered Level 1 of the Depths
 49197 | Depths:1 | Received a gift from Okawaru
 49249 | Depths:1 | Noticed Aizul
 49259 | Depths:1 | Killed Aizul
 49355 | Depths:1 | Found Nemuv's Book Shoppe.
 49363 | Depths:1 | Bought a manual of Axes for 1876 gold pieces
 49695 | Depths:1 | Found a gateway to Hell.
 50147 | Depths:2 | Noticed a caustic shrike
 50157 | Depths:2 | Killed a caustic shrike
 50158 | Depths:2 | Reached XP level 24. HP: 134/171 MP: 22/27
 50396 | Depths:2 | Found a gateway to a ziggurat.
 50517 | Depths:2 | Found Juleul Weisi's Serpentskin Sales.
 50593 | Depths:2 | Received a gift from Okawaru
 50890 | Depths:3 | Noticed Saint Roka
 50891 | Depths:3 | Found a one-way gate leading to the halls of Pandemonium.
 50906 | Depths:3 | Killed Saint Roka
 51099 | Depths:3 | Noticed Asterion
 51113 | Depths:3 | Killed Asterion
 51292 | Depths:3 | Received a gift from Okawaru
 51402 | Depths:3 | Noticed Boris
 51419 | Depths:3 | Killed Boris
 52105 | Depths:4 | Found a one-way gate to the infinite horrors of the Abyss.
 52397 | Depths:4 | Received a gift from Okawaru
 52419 | Depths:4 | Got an ichor-stained helmet {god gift}
 52443 | Depths:4 | Identified the +0 helmet of Ennui {rPois Int+6 Dex-5}
                  | (Okawaru gifted it to you on level 4 of the Depths)
 52539 | Depths:4 | Noticed Margery
 52542 | Depths:4 | Noticed a caustic shrike
 52564 | Depths:4 | Killed a caustic shrike
 52568 | Depths:4 | Killed Margery
 52628 | Depths:4 | Reached XP level 25. HP: 68/176 MP: 26/27
 53015 | Depths:4 | Identified the Volume of Evil and the Glacier
 53360 | Depths:5 | Entered Level 5 of the Depths
 53367 | Depths:5 | Received a gift from Okawaru
 53469 | Depths:5 | Noticed a juggernaut
 53480 | Depths:5 | Killed a juggernaut
 53593 | Depths:5 | Noticed the Enchantress
 53616 | Depths:5 | Killed the Enchantress
 53616 | Depths:5 | Received a gift from Okawaru
 53853 | Depths:5 | Got a pair of faintly glowing boots
 53854 | Depths:5 | Identified the cursed +0 pair of boots "Paur" {rPois rF-
                  | MP-9 Int+6} (You found it on level 5 of the Depths)
 53855 | Depths:5 | Identified a +2 pair of boots of running (Okawaru gifted it
                  | to you on level 5 of the Depths)
 54010 | Depths:5 | Reached skill level 10 in Dodging
 54120 | Depths:5 | Got a glittering copper ring
 54127 | Depths:5 | Identified the ring "Obbi" {Wiz rElec} (You found it on
                  | level 5 of the Depths)
 54133 | Depths:5 | Noticed Sojobo
 54176 | Depths:5 | Killed Sojobo
 54608 | Depths:5 | Found a gate to the Realm of Zot.
 54983 | Vaults:5 | Entered Level 5 of the Vaults
 54991 | Vaults:5 | Reached skill level 1 in Transmutations
 54998 | Vaults:5 | Reached XP level 26. HP: 167/183 MP: 21/27
 55026 | Vaults:5 | Received a gift from Okawaru
 55195 | Vaults:5 | Reached skill level 5 in Transmutations
 55222 | Vaults:5 | Received a gift from Okawaru
 55368 | Vaults:5 | Received a gift from Okawaru
 55410 | Vaults:5 | Received a gift from Okawaru
 55528 | Vaults:5 | Received a gift from Okawaru
 55593 | Vaults:5 | Got a glittering bronze ring
 55598 | Vaults:5 | Got a pair of fine gloves
 55602 | Vaults:5 | Got a sparkling ivory ring
 55615 | Vaults:5 | Identified the ring "Qibri" {rPois rN+ MR+++ MP+9 Str-4
                  | SInv} (You found it on level 5 of the Vaults)
 55616 | Vaults:5 | Identified the ring "Definko" {rC+ Dex+8} (You found it on
                  | level 5 of the Vaults)
 55617 | Vaults:5 | Identified the +2 pair of gloves of the Desert {Int+2} (You
                  | found it on level 5 of the Vaults)
 55658 | Vaults:5 | Got a wavering turquoise ring
 55699 | Vaults:5 | Reached skill level 1 in Translocations
 55703 | Vaults:5 | Noticed an ancient lich
 55711 | Vaults:5 | Killed an ancient lich
 55716 | Vaults:5 | Identified the cursed +3 rapier of Orerudou {vorpal,
                  | *Corrode +Rage MR++ SInv}
 56006 | Vaults:5 | Learned a level 2 spell: Blink
 56008 | Vaults:5 | Learned a level 1 spell: Apportation
 56030 | Vaults:5 | Reached skill level 1 in Spellcasting
 56200 | Vaults:5 | Reached XP level 27. HP: 181/188 MP: 28/28
 56437 | Vaults:5 | Reached skill level 5 in Spellcasting
 56453 | Vaults:5 | Received a gift from Okawaru
 56561 | Vaults:5 | Got a silver rune of Zot
 57211 | Elf:3    | Bought brightly glowing fire dragon scales for 1820 gold
                  | pieces
 57211 | Elf:3    | Identified the ring "Cagupt" {MR+ Str+5 Stlth+} (You found
                  | it on level 5 of the Vaults)
 57212 | Elf:3    | Identified the cursed +0 fire dragon scales of the Evening
                  | {+Inv rElec rF++ rC-} (You bought it in a shop on level 3
                  | of the Elven Halls)
 58133 | Depths:4 | Learned a level 5 spell: Lee's Rapid Deconstruction
 58140 | Depths:4 | Learned a level 6 spell: Shadow Creatures
 58157 | Depths:4 | Voluntarily entered the Abyss.
 58341 | Abyss:1  | Reached skill level 1 in Summonings
 58506 | Abyss:2  | Found a corrupted altar of Lugonu.
 58605 | Abyss:3  | Got an abyssal rune of Zot
 58654 | Depths:4 | Escaped the Abyss
 58680 | Zot:1    | Entered Level 1 of the Realm of Zot
 58777 | Zot:1    | Reached skill level 24 in Fighting
 58914 | Zot:1    | Reached skill level 5 in Summonings
 59653 | Zot:1    | Received a gift from Okawaru
 60259 | Zot:2    | Reached skill level 25 in Fighting
 60733 | Zot:2    | Received a gift from Okawaru
 61160 | Zot:3    | Reached skill level 10 in Summonings
 61346 | Zot:3    | Found a runed translucent gate.
 61347 | Zot:3    | Found a runed translucent gate.
 61348 | Zot:3    | Found a runed translucent gate.
 61349 | Zot:3    | Noticed Epouc's ghost (legendary TrBe)
 62385 | Zot:4    | Received a gift from Okawaru
 63086 | Zot:4    | Reached skill level 26 in Fighting
 64154 | Lair:6   | Found a staircase to the Slime Pits.
 64245 | Slime:1  | Entered Level 1 of the Pits of Slime
 64494 | Slime:4  | Received a gift from Okawaru
 64605 | Slime:5  | Entered Level 5 of the Pits of Slime
 64754 | Slime:4  | Found a viscous altar of Jiyva.
 64939 | Slime:5  | Noticed the Royal Jelly
 66086 | Slime:5  | Found a viscous altar of Jiyva.
 66089 | Slime:5  | Found the +3 robe of Clouds {+Thunder rCloud rElec}
 66090 | Slime:5  | Found the amulet of Vitality {Regen+ HP+15}
 66137 | Slime:5  | Killed the Royal Jelly
 66267 | Slime:5  | Got a slimy rune of Zot
 66708 | Temple   | Fell from the grace of Okawaru
 66708 | Temple   | Became a worshipper of the Shining One
 67120 | Crypt:1  | Entered Level 1 of the Crypt
 67134 | Crypt:1  | You are sucked into a shaft and drop 1 floor!
 67304 | Crypt:2  | Reached * piety under the Shining One
 67397 | Crypt:2  | Reached ** piety under the Shining One
 67650 | Crypt:2  | Reached *** piety under the Shining One
 67881 | Crypt:2  | Reached **** piety under the Shining One
 68090 | Crypt:1  | Reached ***** piety under the Shining One
 68091 | Crypt:1  | Reached skill level 10 in Spellcasting
 68145 | Crypt:1  | Reached skill level 15 in Dodging
 68610 | Crypt:1  | Reached ****** piety under the Shining One
 68682 | Crypt:1  | Found an ancient bone altar of Kikubaaqudgha.
 68913 | Crypt:3  | Entered Level 3 of the Crypt
 69126 | Crypt:3  | Noticed Boris
 69153 | Crypt:3  | Killed Boris
 69165 | Crypt:3  | Reached skill level 10 in Invocations
 69584 | Crypt:3  | Got a wavering silver ring
 69584 | Crypt:3  | Got a translucent bronze ring
 69584 | Crypt:3  | Got a sparkling ivory ring
 69835 | Crypt:3  | Noticed a greater mummy
 69861 | Crypt:3  | Killed a greater mummy
 69994 | Crypt:3  | Found a staircase to the Tomb.
 70044 | Crypt:3  | Found a basalt altar of Yredelemnul.
 71107 | Tomb:1   | Entered Level 1 of the Tomb of the Ancients
 71594 | Tomb:1   | Noticed a greater mummy
 71611 | Tomb:1   | Killed a greater mummy
 71901 | Tomb:1   | Noticed a greater mummy
 71911 | Tomb:1   | Killed a greater mummy
 72779 | Depths:1 | Identified the ring of Din Nudd {rPois rN+} (You found it
                  | on level 3 of the Crypt)
 72780 | Depths:1 | Identified the ring "Siaps" {rN+ Str+5 Int+6 Dex-2} (You
                  | found it on level 3 of the Crypt)
 72781 | Depths:1 | Identified the ring "Zeqywn" {rF+ rN+ SInv} (You found it
                  | on level 3 of the Crypt)
 72811 | Hell     | Entered the Vestibule of Hell
 72811 | Hell     | Noticed Geryon
 72934 | Hell     | Killed Geryon
 72944 | Hell     | Reached skill level 15 in Invocations
 73077 | Hell     | Found a gateway to the Iron City of Dis.
 73250 | Hell     | Found a gateway to the freezing wastes of Cocytus.
 73332 | Hell     | Found a gateway to the decaying netherworld of Tartarus.
 73621 | Hell     | Found a gateway to the ashen valley of Gehenna.
 73671 | Geh:1    | Entered Level 1 of Gehenna
 75131 | Geh:7    | Entered Level 7 of Gehenna
 76094 | Geh:7    | HP: 3/196 [hellion/damnation (30)]
 76095 | Geh:7    | The Shining One protects you from harm!
 76099 | Geh:7    | HP: 9/196 [hellion/damnation (23)]
 76268 | Geh:7    | Was forgiven by Okawaru
 76310 | Geh:7    | Identified the +7 spear of the New World {freeze, rN++
                  | Dex+2}
 76561 | Geh:7    | Reached skill level 15 in Summonings
 76648 | Geh:7    | Identified the +7 sceptre of Asmodeus
 76648 | Geh:7    | Noticed Asmodeus
 76682 | Geh:7    | Killed Asmodeus
 76688 | Geh:7    | Found the +10 zealot's sword {holy, *Rage rN+ EV+3}
 76697 | Geh:7    | Got an obsidian rune of Zot
 76969 | Coc:1    | Entered Level 1 of Cocytus
 77232 | Coc:3    | You are sucked into a shaft and drop 2 floors!
 77591 | Coc:7    | Entered Level 7 of Cocytus
 77600 | Coc:7    | Reached skill level 15 in Earth Magic
 78052 | Coc:7    | Identified the ring "Pyfunoc" {+Blink rC+ rN+ Str-3}
 78053 | Coc:7    | Identified the amulet of Xom's Castigation {Acrobat rPois
                  | rF- rN+ Stlth+}
 78122 | Coc:7    | Noticed Antaeus
 78609 | Coc:7    | Got an icy rune of Zot
 78828 | Tar:1    | Entered Level 1 of Tartarus
 79107 | Tar:5    | You are sucked into a shaft and drop 1 floor!
 79144 | Tar:7    | Entered Level 7 of Tartarus
 80170 | Tar:7    | Learned a level 9 spell: Shatter
 80606 | Tar:7    | Noticed Ereshkigal
 80622 | Tar:7    | Killed Ereshkigal
 80650 | Tar:7    | Got a steaming silver ring
 80656 | Tar:7    | Got a bone rune of Zot
 80698 | Tar:7    | Identified the ring "Xyog" {rC+ MP+9 Str+6 Int+5 SInv} (You
                  | found it on level 7 of Tartarus)
 80855 | Tar:7    | Reached skill level 10 in Shields
 81079 | Dis:1    | Entered Level 1 of the Iron City of Dis
 82254 | Dis:4    | You are sucked into a shaft and drop 2 floors!
 82267 | Dis:7    | Entered Level 7 of the Iron City of Dis
 82508 | Dis:7    | Reached skill level 15 in Shields
 83335 | Dis:7    | Identified the +0 tower shield of Weightlessness {rCorr}
 83424 | Dis:7    | Identified Sif Muna's Handbook of Enchantment and Attacks
 83939 | Dis:7    | Noticed the Serpent of Hell
 83939 | Dis:7    | Identified the +4 staff of Dispater
 83939 | Dis:7    | Noticed Dispater
 83957 | Dis:7    | Killed Dispater
 84098 | Dis:7    | Killed the Serpent of Hell
 84152 | Dis:7    | Got an iron rune of Zot
 84156 | Dis:7    | Identified the Guide on Entrancing Displacement
 84159 | Dis:7    | Got a twisted broad axe
 84160 | Dis:7    | Identified the +8 broad axe of Glory {vorpal, *Rage Int+3
                  | SInv} (You found it on level 7 of the Iron City of Dis)
 84438 | Pan      | Entered Pandemonium
 85210 | Pan      | Found a white marble altar of Elyvilon.
 85463 | Pan      | Found a glowing golden altar of the Shining One.
 85463 | Pan      | Noticed a seraph
 85473 | Pan      | Killed a seraph
 85510 | Pan      | Identified Wujasawa's Incunabulum of Orientation and Fire
 85513 | Pan      | Got an ancient lead ring
 85515 | Pan      | Got a vibrating steel ring
 85520 | Pan      | Got a steaming jade ring
 85524 | Pan      | Got a demonic rune of Zot
 85531 | Pan      | Identified the ring of Fihywka {Ice rN++ Str-4} (You found
                  | it in Pandemonium)
 85532 | Pan      | Identified the cursed ring "Puveq" {rElec rPois Str-4 SInv}
                  | (You found it in Pandemonium)
 85533 | Pan      | Identified the ring of the Present {+Inv +Fly Str+6} (You
                  | found it in Pandemonium)
 86029 | Pan      | Noticed Kiroicu the pandemonium lord
 86034 | Pan      | Killed Kiroicu the pandemonium lord
 86058 | Pan      | Entered the realm of Cerebov.
 86433 | Pan      | Reached skill level 15 in Spellcasting
 86436 | Pan      | Found an exit through the horrors of the Abyss.
 86630 | Pan      | Identified the +6 sword of Cerebov {flame}
 86630 | Pan      | Noticed Cerebov
 86665 | Pan      | Killed Cerebov
 86684 | Pan      | Identified Siawi's Incunabulum of Shifting Venom
 86689 | Pan      | Got a steaming bronze amulet
 86703 | Pan      | Identified the ring of the Hungering Jester {rN+++ MR-
                  | Slay+2 Stlth-}
 86722 | Pan      | Got a pair of encrusted gloves
 86724 | Pan      | Got a transparent golden ring
 86725 | Pan      | Identified the Incunabulum of the Ashen Snowflakes
 86728 | Pan      | Identified the Catalogue of the Blistering Rocks
 86746 | Pan      | Got a wavering glass ring
 86752 | Pan      | Identified the +1 pair of gloves of the Wilderness {rN++}
                  | (You found it in Pandemonium)
 86753 | Pan      | Identified the amulet "Mymac" {Spirit Int+5} (You found it
                  | in Pandemonium)
 86754 | Pan      | Identified the ring "Asialaf" {Fire Stlth+} (You found it
                  | in Pandemonium)
 86755 | Pan      | Identified the ring of Mimaiss {rF+ MP+9} (You found it in
                  | Pandemonium)
 86772 | Pan      | Got ichor-stained fire dragon scales
 86773 | Pan      | Identified the +8 fire dragon scales of the Heavens {rF++
                  | rC- Int+3} (You found it in Pandemonium)
 86831 | Pan      | Got a fiery rune of Zot
 87194 | Pan      | Entered the realm of Lom Lobon.
 87194 | Pan      | Noticed Lom Lobon
 87333 | Pan      | Found an exit through the horrors of the Abyss.
 88257 | Pan      | Killed from afar by a titan

Illustrated notes

Levels and vault maps discovered:
D:1:      dpeg_arrival_rooms_c, layout_basic
D:2:      layout_rooms, lemuel_coloured_pillars_altar, uniq_natasha
D:3:      layout_basic, cheibrodos_sewer_entry_drain, grunt_ministairs_8,
          nrook_loot_triangle
D:4:      layout_rooms, general_overflow_altar, minmay_temple_entry_crystal_x,
          uniq_pikel
D:5:      layout_gridville
D:6:      layout_layer_cave, nicolae_overflow_crystal_walls,
          nicolae_ossuary_entry_ruins, uniq_crazy_yiuf_cottage
D:7:      layout_rooms, gammafunk_temple_overflow_claw, lightli_church_of_beogh
D:8:      layout_loops_corners, lemuel_round_altar,
          nicolae_qazlal_eye_of_the_storm
D:9:      layout_roguey, erik_lair_orcish_takeover
D:10:     layout_rooms, minmay_orc_entry_temple_small, minmay_protected_statue
D:11:     layout_roguey
D:12:     layout_long_grid
D:13:     layout_basic
D:14:     layout_stronghold, david_vaults_5, serial_undead, serial_undead_d,
          serial_undead_c, serial_undead_a, serial_undead_a, serial_shops,
          kennysheep_mini_moat, nicolae_water_bricks, minmay_misc_feat_tower,
          lemuel_hellish_altar
D:15:     grunt_enter_depths_snipers, layout_loops_ring,
          hangedman_decor_slide_cut, serial_shops, shop
Temple:   minmay_temple_curvy_branch
Lair:1:   layout_roguey, infiniplex_staircase_pool_2
Lair:2:   regret_index_harrowing_hell_hive, layout_regular_city,
          portal_ice_cave_entry_pillars_1, roderic_batcave, lemuel_fruit_fields,
          grunt_megastairs_2
Lair:3:   layout_regular_city
Lair:4:   layout_misc_corridors, palyth_hydra_swamp_entry,
          guppyfry_snake_entry_island, st_stairs_4
Lair:5:   beast_lair_carwin_large_3, layout_regular_city
Lair:6:   hangedman_lair_caniforms_friends, layout_layer_cave,
          minmay_slime_entry_oklob_enclosed, gammafunk_ghost_arena,
          lemuel_altar_in_water2
Swamp:1:  layout_basic_swamp, evilmike_swamp_ruin_house_4
Swamp:2:  layout_basic_swamp, evilmike_swamp_ruin_house_6, swamp_pool4,
          lemuel_altar_in_water
Swamp:3:  layout_basic_swamp, evilmike_swamp_ruin_wall, swamp_pool2,
          hangedman_swamp_wriggling, uniq_mara
Swamp:4:  swamp_icy, layout_basic_swamp
Snake:1:  layout_basic, statue_in_the_mist_lemuel
Snake:2:  layout_misc_corridors, ebering_ghost_inner_flame,
          nicolae_snake_serpentine_hallways, serial_bayou_crossing, uniq_nikola
Snake:3:  layout_cave_pods, minmay_shoptagon, serial_bayou_shore_b,
          lemuel_fruit_tree
Snake:4:  snake_pit, layout_gridlike, serial_curves, eino_curves_02,
          eino_curves_04
Slime:1:  layout_caves
Slime:2:  layout_caves, nicolae_slime_round_cave
Slime:3:  layout_caves, cheibrodos_slime_lost_civilization_4
Slime:4:  layout_caves, basic_altar
Slime:5
Orc:1:    layout_diamond_mine
Orc:2:    st_orc_elflike, layout_diamond_mine, guppyfry_orc_lava_fort,
          uniq_josephine
Elf:1:    minmay_elf_arrival_circle, layout_loops_cross,
          ebering_ghost_reflecting_pool, minmay_elf_demonology
Elf:2:    layout_geoelf_octagon, serial_shops, shop, grunt_ministairs_14,
          minivault_4, lemuel_statue_altar
Elf:3:    grunt_elf_hall_branching, layout_loops_cross, serial_shops, shop
Vaults:1: vaults_room_pools, ontoclasm_vaults_decontamination,
          nicolae_vaults_specimen_jars, nicolae_vaults_windows_and_doors_thing,
          nicolae_vaults_angled_halls, ontoclasm_vaults_gallery, v_misc_15,
          nicolae_vaults_mini_display_case, layout_vaults_omnigrid
Vaults:2: v_misc_19, v_misc_11, nicolae_vaults_sealed_display,
          vaults_dpeg_spiral, v_misc_28, hangedman_vaults_trim,
          nicolae_vaults_quartermaster, nicolae_vaults_little_squares_6,
          v_rooms_3, vaults_dpeg_ring, vaults_room_pools,
          nicolae_vaults_little_squares_6, layout_vaults_chaotic_city,
          serial_shops, nicolae_shop_window_shopping, basic_altar, uniq_mennas
Vaults:3: minmay_crypt_entry_skeletal_spiral, nicolae_vaults_circle_grid_b,
          ontoclasm_vaults_twist, v_alt_pattern_6, nicolae_vaults_theta,
          vaults_room_corners, nicolae_vaults_little_squares_5,
          nicolae_vaults_shelves_hall, vaults_room_pool,
          layout_vaults_omnicross, uniq_bai_suzhen
Vaults:4: nicolae_vaults_ninety_degrees, nicolae_vaults_hallways_thing,
          v_misc_18, v_pattern_3, vaults_room_grid, v_misc_11,
          hangedman_vaults_variations, vaults_dpeg_hooks,
          nicolae_vaults_yaktaur_gun_rack, ontoclasm_vaults_ligature,
          layout_vaults_ring, mu_enter_wizlab_5
Vaults:5
Crypt:1:  cheibrodos_crypt_down_in_the_bonehoard, layout_misc_corridors,
          serial_sigils_hangedman_gut
Crypt:2:  layout_gridlike, grunt_megastairs_5
Crypt:3:  evilmike_haunted_forest
Tomb:1
Depths:1: layout_cave_pools, grunt_hell_entry_dis_old, serial_shops,
          shop_statue, lemuel_nasty_fountain, uniq_aizul
Depths:2: kennysheep_green_arena, layout_cave_pools, enter_ziggurat_f,
          grunt_hell_entry_demonic_statue, guppyfry_shop_venom
Depths:3: hangedman_elemental_death_ray, layout_long_grid,
          infiniplex_staircase_pillars_3b, hell_entry, pan_entry, firewood_loft,
          uniq_boris, uniq_saint_roka, uniq_asterion
Depths:4: minmay_the_grid_square_5x5_4x4_mashed
          [minmay_the_grid_square_5x5_two_walls_a,
          minmay_the_grid_square_5x5_half_checkered,
          minmay_the_grid_square_5x5_doubleslash,
          minmay_the_grid_square_5x5_percent, minmay_the_grid_square_5x5_v,
          minmay_the_grid_square_5x5_prize_monsterx,
          minmay_the_grid_square_5x5_prize_deathbox,
          minmay_the_grid_square_5x5_moneybag, minmay_the_grid_square_5x5_slash,
          minmay_the_grid_square_5x5_prize_waves,
          minmay_the_grid_square_5x5_prize_open,
          minmay_the_grid_square_5x5_sharp_hourglass,
          minmay_the_grid_square_5x5_z, minmay_the_grid_square_5x5_empty,
          minmay_the_grid_square_5x5_detours,
          minmay_the_grid_square_5x5_hourglass], layout_honeycomb, hell_entry,
          abyss_entry, infiniplex_staircase_zigzag_4, uniq_margery
Depths:5: grunt_twist_and_shout, layout_small_grid, hex_tiny,
          pf_hell_entry_tar_river, kennysheep_random_hallway, uniq_enchantress,
          uniq_sojobo
Hell
Dis:1:    layout_gridville, hangedman_player_shredder, grunt_megastairs_3
Dis:2:    layout_regular_city, hangedman_dis_chains, lemuel_elevator
Dis:3:    layout_gridville, nicolae_dis_hell_towers
Dis:4:    layout_gridville
Dis:6:    layout_regular_city
Dis:7:    dis_grunt_layers
Geh:1:    layout_gehenna_pools_triple
Geh:2:    layout_gehenna_pools_box
Geh:3:    layout_gehenna_pools_triple
Geh:4:    layout_gehenna_pools_box
Geh:5:    layout_gehenna_pools_basic, lemuel_old_faithful
Geh:6:    layout_gehenna_lava_caves
Geh:7:    geh_grunt_pentagon
Coc:1:    layout_cocytus_water_paths
Coc:2:    layout_cocytus_water_paths
Coc:3:    layout_ice_bergs
Coc:5:    layout_ice_bergs
Coc:6:    layout_cocytus_water_paths, serial_ice, serial_ice_a
Coc:7:    coc_hangedman
Tar:1:    layout_honeycomb
Tar:2:    layout_grid_maze
Tar:3:    layout_grid_maze
Tar:4:    layout_catacombs, nicolae_tar_cuneiform_water
Tar:5:    layout_grid_maze
Tar:6:    layout_honeycomb
Tar:7:    tar_minmay_river
Zot:1:    kennysheep_room_grid, layout_gridlike
Zot:2:    lemuel_draconian_sentries, layout_basic
Zot:3:    layout_onion, gammafunk_ghost_tricky_traps
Zot:4:    layout_gridlike
Pan:      evilmike_holy_pan, evilmike_mini_pan_doors, layout_basic,
          evilmike_mini_pan_corridor, layout_rooms, cerebov_grunt,
          layout_gridville, evilmike_mini_pan_corridor, layout_gridlike,
          evilmike_mini_pan_3x3, layout_gridlike, reaverb_pan_figure_eight,
          rand_demon_8, layout_gridlike, nicolae_pan_sigil_uleosi,
          evilmike_mini_pan_thingy, layout_chambers,
          nicolae_pan_gloorx_vloqian_2, lom_lobon_grunt_wind_tunnels,
          layout_long_grid

Skill      XL: |  1  2  3  4  5  6  7  8  9 10 11 12 13 14 15 16 17 18 19 20 21 22 23 24 25 26 27 |
---------------+----------------------------------------------------------------------------------+-----
Axes           | 2 3 4 6 8 9 10 12 13 14 15 17 18 20 21 | 21.1
Fighting       | 5 8 9 10 14 15 18 19 21 23 26 | 26.1
Armour         | 4 7 8 9 10 13 17 20 21 22 24 25 | 25.2
Invocations    | 3 6 22 | 22.0
Dodging        | 3 4 8 11 12 17 | 17.3
Earth Magic    | 5 9 10 25 | 25.0
Necromancy     | 3 5 8 |  8.3
Throwing       | 1 4 |  4.1
Shields        | 6 16 | 16.4
Transmutations | 2 7 |  7.1
Translocations | 9 |  9.4
Spellcasting   | 3 16 | 16.7
Summonings     | 15 | 15.6

Action                   |  1- 3 |  4- 6 |  7- 9 | 10-12 | 13-15 | 16-18 | 19-21 | 22-24 | 25-27 || total
-------------------------+-------+-------+-------+-------+-------+-------+-------+-------+-------++-------
Melee: War axe           |    96 |   143 |   442 |   812 |       |       |       |       |       ||  1493
       Unarmed           |       |     4 |       |       |       |       |       |       |       ||     4
       Hand axe          |       |   129 |       |       |       |       |       |       |       ||   129
       Battleaxe         |       |       |       |    51 |   125 |       |       |       |       ||   176
       Morningstar       |       |       |       |     6 |    65 |    31 |       |       |       ||   102
       Broad axe         |       |       |       |       |   834 |  1488 |   878 |  1116 |  3941 ||  8257
       Trishula          |       |       |       |       |       |       |       |       |  2489 ||  2489
 Cast: Shadow Creatures  |       |       |       |       |       |       |       |       |    21 ||    21
       Shatter           |       |       |       |       |       |       |       |       |     5 ||     5
Invok: Heroism           |       |       |       |    12 |    18 |    19 |    11 |    31 |    27 ||   118
       Finesse           |       |       |       |       |     2 |     5 |     1 |     9 |    10 ||    27
       Cleansing Flame   |       |       |       |       |       |       |       |       |    49 ||    49
       Summon Divine War |       |       |       |       |       |       |       |       |    43 ||    43
       Divine Shield     |       |       |       |       |       |       |       |       |    23 ||    23
 Abil: Fly               |       |       |       |       |       |     2 |       |       |     2 ||     4
       Stop Flying       |       |       |       |       |       |     1 |       |       |     2 ||     3
Evoke: Wand              |       |       |     6 |     3 |    20 |    13 |     3 |       |    15 ||    60
  Use: Potion            |     1 |     1 |     2 |     6 |       |       |     3 |     1 |    19 ||    33
       Scroll            |       |     8 |    10 |    15 |    13 |    12 |     5 |     7 |    58 ||   128
 Stab: Confused          |       |       |       |       |       |     2 |       |       |       ||     2
       Distracted        |       |       |       |       |       |       |       |     2 |     2 ||     4
Armor: Scale mail        |    69 |   218 |   279 |    52 |       |       |       |       |       ||   618
       Skin              |       |     9 |       |       |       |       |       |       |       ||     9
       Plate armour      |       |       |       |   394 |       |       |       |       |       ||   394
       Pearl dragon scal |       |       |       |   196 |   633 |       |       |       |  2960 ||  3789
       Gold dragon scale |       |       |       |       |   286 |  1205 |   584 |   687 |   304 ||  3066
Dodge: Dodged            |    28 |   131 |   110 |   235 |   525 |   426 |   247 |   346 |  2988 ||  5036
Block: Kite shield       |    60 |   167 |   179 |   423 |   559 |  1305 |   722 |   834 |  4499 ||  8748
       Reflection        |       |       |       |       |       |   112 |    69 |    30 |       ||   211

Table legend: (Time is in decaauts)
 A = Elapsed time spent in this place.
 B = Non-inter-level travel time spent in this place.
 C = Inter-level travel time spent in this place.
 D = Time resting spent in this place.
 E = Time spent auto-exploring this place.
 F = Levels seen in this place.
 G = Mean time per level.
                   A        B        C        D        E       F      G
               +--------+--------+--------+--------+--------+-----+--------+
         Total |  83852 |  77100 |   6752 |  12674 |  38285 | 100 |  838.5 |
       Dungeon |  19124 |  17107 |   2017 |   4102 |   9390 |  15 | 1274.9 |
        Temple |    293 |    192 |    101 |      0 |    186 |   1 |  293.0 |
          Lair |   8757 |   7750 |   1007 |    964 |   5094 |   6 | 1459.5 |
         Swamp |   4053 |   3885 |    168 |    352 |   2711 |   4 | 1013.2 |
     Snake Pit |   5613 |   5359 |    254 |   1064 |   3198 |   4 | 1403.2 |
    Slime Pits |   1966 |   1897 |     69 |   1050 |      0 |   5 |  393.2 |
  Orcish Mines |   2394 |   2105 |    289 |    647 |    840 |   2 | 1197.0 |
   Elven Halls |   3678 |   3365 |    313 |    849 |   1361 |   3 | 1226.0 |
        Vaults |   8626 |   7645 |    981 |    236 |   4982 |   5 | 1725.2 |
         Crypt |   3646 |   3262 |    384 |    265 |   1928 |   3 | 1215.3 |
          Tomb |   1050 |   1044 |      6 |    343 |    439 |   1 | 1050.0 |
        Depths |   5949 |   5148 |    801 |    540 |   3200 |   5 | 1189.8 |
          Hell |   1099 |   1099 |      0 |    248 |    267 |   1 | 1099.0 |
           Dis |   2765 |   2765 |      0 |    285 |    715 |   6 |  460.8 |
       Gehenna |   2646 |   2642 |      4 |    513 |    431 |   7 |  378.0 |
       Cocytus |   1501 |   1501 |      0 |    148 |    132 |   6 |  250.2 |
      Tartarus |   1837 |   1825 |     12 |     11 |    353 |   7 |  262.4 |
           Zot |   4158 |   3818 |    340 |    528 |   2265 |   4 | 1039.5 |
         Abyss |    425 |    425 |      0 |      2 |    233 |   3 |  141.7 |
   Pandemonium |   3285 |   3285 |      0 |    201 |    409 |   9 |  365.0 |
         Sewer |    255 |    255 |      0 |    123 |     56 |   1 |  255.0 |
       Ossuary |    416 |    416 |      0 |    197 |     60 |   1 |  416.0 |
        Wizlab |    307 |    307 |      0 |      0 |     27 |   1 |  307.0 |
               +--------+--------+--------+--------+--------+-----+--------+

Top non-repeatable levels by time:
  Lair:6: 2252 daAuts
Vaults:2: 2014 daAuts
     D:3: 1971 daAuts
  Lair:4: 1960 daAuts
 Crypt:3: 1958 daAuts
 Snake:1: 1942 daAuts
Vaults:3: 1825 daAuts
Vaults:1: 1750 daAuts
   Dis:7: 1733 daAuts
     D:6: 1707 daAuts
   Tar:7: 1566 daAuts
    D:14: 1561 daAuts
Depths:4: 1552 daAuts
Vaults:5: 1529 daAuts
   Geh:7: 1522 daAuts
